 Dungeon Crawl Stone Soup version 0.31-a0-1626-g5cb510d322 (webtiles) character file.

Game seed: 14772014448099430846

9016 Armakuni the Prestidigitator (level 11, -1/79 HPs)
             Began as a Human Artificer on Jan 13, 2024.
             Was a Believer of Vehumet.
             Slain by a komodo dragon (14 damage)
             ... on level 1 of the Lair of Beasts.
             The game lasted 00:36:17 (8895 turns).

Armakuni the Prestidigitator (Human Artificer)      Turns: 8895, Time: 00:36:17

Health: -1/79      AC: 11    Str: 12    XL:     11   Next: 39%
Magic:  1/20       EV: 17    Int: 16    God:    Vehumet [**....]
Gold:   364        SH:  0    Dex: 16    Spells: 7/22 levels left

rFire   . . .        a - +9 whip "Vuoq Riuply" {flame, Dex+2}
rCold   . . .        (no shield)
rNeg    . . .        e - +2 acid dragon scales
rPois   +            (no helmet)
rElec   .            (no cloak)
rCorr   +            u - +0 pair of gloves
SInv    .            q - +0 pair of boots
Will    .....        R - amulet of regeneration
Stlth   +            E - +5 ring of evasion
HPRegen 1.13/turn    P - ring of poison resistance
MPRegen 0.17/turn

%: no passive effects
@: mighty, very slightly contaminated
A: explore regen
a: Renounce Religion


You were on level 1 of the Lair of Beasts.
You worshipped Vehumet.
Vehumet was pleased with you.
You visited 3 branches of the dungeon, and saw 10 of its levels.
You also visited: Ossuary.

You collected 672 gold pieces.
You spent 308 gold pieces at shops.

Inventory:

Hand Weapons
 a - the +9 whip "Vuoq Riuply" (weapon) {flame, Dex+2}
   (You found it on level 2 of the Dungeon)

   Dex+2:     It affects your dexterity (+2).
Armour
 d - a +0 kite shield
 e - +2 acid dragon scales (worn)
 q - a +0 pair of boots (worn)
 u - a +0 pair of gloves (worn)
Magical Staves
 b - the staff "Gram" {rF+ Int+3 Fire}
   (You found it on level 4 of the Dungeon)

   [staff of fire]

   Base accuracy: +5 Base damage: 5 Base attack delay: 1.2 This weapon's minimum
   attack delay (0.6) is reached at skill level 12.
   Int+3:     It affects your intelligence (+3).
   rF+:       It protects you from fire.
   Fire:      It increases the power of your Fire spells.
   It falls into the 'Staves' category.
   It is a one-handed weapon.
Jewellery
 E - a +5 ring of evasion (left hand)
 I - a ring of see invisible
 J - a ring of protection from cold
 L - a ring of flight
 P - a ring of poison resistance (right hand)
 R - an amulet of regeneration (around neck)
Wands
 k - a wand of digging (7)
 p - a wand of polymorph (7)
Scrolls
 c - 2 scrolls of torment
 n - a scroll of brand weapon
 o - a scroll of poison
 w - 2 scrolls of immolation
Potions
 f - a potion of enlightenment {unknown}
 g - 5 potions of curing
 h - 4 potions of cancellation
 j - a potion of mutation {unknown}
 l - 3 potions of attraction {unknown}
 m - a potion of resistance {unknown}
 t - a potion of lignification {unknown}
 x - a potion of magic {unknown}


   Skills:
 - Level 5.0 Fighting
 - Level 3.6 Maces & Flails
 - Level 5.0 Armour
 - Level 3.0 Dodging
 - Level 1.0 Stealth
 - Level 4.0 Shields
 - Level 6.0 Spellcasting
 - Level 4.3 Conjurations
 - Level 4.0 Translocations
 + Level 4.1 Fire Magic
 - Level 3.0 Earth Magic
 - Level 4.0 Alchemy
 - Level 10.0 Evocations


You had 7 spell levels left.
You knew the following spells:

 Your Spells              Type           Power      Damage    Failure   Level
b - Blink                 Tloc           34%        N/A       6%          2
l - Lesser Beckoning      Tloc           34%        N/A       6%          2
m - Iskenderun's Mystic   Conj/Tloc      18%        2d6       36%         4
s - Sticky Flame          Fire/Alch      17%        2d5       36%         4
z - Stone Arrow           Conj/Erth      32%        3d9       14%         3

Your spell library contained the following spells:

 Spells                   Type           Power      Damage    Failure   Level
 Hailstorm                Conj/Ice       11%        3d6       26%         3
 Momentum Strike          Conj/Tloc      36%        3d9       5%          2
 Gell's Gravitas          Tloc           17%        N/A       12%         3
 Teleport Other           Tloc           17%        N/A       12%         3
 Volatile Blastmotes      Fire/Tloc      34%        2d12      12%         3
 Ensorcelled Hibernation  Hex/Ice        8%         N/A       30%         2
 Fulminant Prism          Conj/Alch      9%         3d7       36%         4
 Confusing Touch          Hex            4%         N/A       52%         3
 Fugue of the Fallen      Necr           4%         N/A       52%         3
 Animate Armour           Summ/Erth      18%        N/A       71%         4
 Anguish                  Hex/Necr       2%         N/A       89%         4
 Cause Fear               Hex            2%         N/A       89%         4
 Dispel Undead            Necr           4%         3d7       89%         4
 Dispersal                Tloc           8%         N/A       99%         6
 Enfeeble                 Hex            2%         N/A       100%        7
 Lehudib's Crystal Spear  Conj/Erth      8%         10d3      100%        8


Dungeon Overview and Level Annotations

Branches:
Dungeon (8/15)             Temple (1/1) D:6            Lair (1/5) D:8
Ossuary (visited)

Altars:
Ashenzari
Cheibriados
Dithmenos
Elyvilon
Fedhas
Gozag
Hepliaklqana
Kikubaaqudgha
Makhleb
Nemelex Xobeh
Okawaru
Qazlal
Ru
Sif Muna
Trog
Uskayaw
Vehumet
Wu Jian
Xom
Yredelemnul
Zin
The Shining One

Shops:
D:8 :

Annotations:
D:3 3 runed translucent doors, NigelTetley's ghost, amateur DsGl
Lair:1 exclusion: oklob plant


Innate Abilities, Weirdness & Mutations

You regain HP and MP as you explore.


Message History

Confirm with . or Enter, or press ? or * to list all spells.
Aiming: Stone Arrow (dangerous; 14% risk of failure)
Press: ? - help, Shift-Dir - straight line, f/p - komodo dragon
Aim: a komodo dragon (heavily wounded, 77% to hit)
The stone arrow hits the komodo dragon!
The komodo dragon is severely wounded.
The komodo dragon bites you!
You barely miss the komodo dragon.
The komodo dragon is severely wounded.
The komodo dragon bites you!!
You barely miss the komodo dragon.
The komodo dragon is severely wounded.
The komodo dragon completely misses you.
You hit the komodo dragon but do no damage.
The komodo dragon is severely wounded.
The komodo dragon bites you!
* * * LOW HITPOINT WARNING * * *
Aiming: Quicksilver Bolt
Press: ? - help, Shift-Dir - straight line, f/p - komodo dragon
Aim: a komodo dragon (severely wounded, 82% to hit)
The bolt of dispelling energy misses the komodo dragon.
The now-empty wand crumbles to dust.
The komodo dragon bites you!
* * * LOW HITPOINT WARNING * * *
Okay, then.
Okay, then.
Unknown command.
Okay, then.
Okay, then.
Casting: Stone Arrow (dangerous; 14% risk of failure)
Confirm with . or Enter, or press ? or * to list all spells.
You don't have enough magic to cast this spell.
You feel better. The komodo dragon bites you!
* * * LOW HITPOINT WARNING * * *
You feel better. The komodo dragon misses you.
Okay, then.
Okay, then.
Okay, then.
You feel very mighty all of a sudden. The komodo dragon bites you!
You die...

##.....# ♣♣..♣♣..♣ §§§§
#.....# ♣♣≈......#♣ .§.
#.....# ♣...≈≈....#♣≈..
#.....##♣...♣♣♣....≈♣≈.
#......#♣....≈≈..≈..≈..
#......#♣♣.............
#......#♣♣♣≈......≈≈≈.≈
##........♣♣♣≈.♣.♣.♣♣♣♣♣
#......@l....♣.≈≈≈....♣♣
#..####.P##....♣♣♣.....♣
##.# #####P............
#.## ##...........# #..#
#.#.####...## #.## #.###
##..# #.# #.# ##..# #.#
#.# ###...## #.#
#.####.....P#


You could see a komodo dragon.

Vanquished Creatures
  6 cane toads
  3 komodo dragons
  Grinder (Temple)
  4 blink frogs
  A glass eye (D:8)
  Sigmund (D:5)
  4 wyverns
  A yak (D:8)
  2 basilisks
  2 steam dragons (D:8)
  Menkaure (D:4)
  An acid dragon (D:5)
  2 water moccasins
  2 orc warriors
  3 sky beasts
  A swamp drake (D:8)
  A black bear (D:4)
  2 wolves (D:8)
  2 centaurs
  2 ogres
  2 phantoms
  5 bullfrogs
  A necrophage (D:4)
  A gnoll sergeant (D:3)
  3 scorpions
  A water moccasin zombie (D:4)
  6 killer bees (D:8)
  3 howler monkeys
  4 hounds
  A bombardier beetle (D:7)
  2 jellies
  An orc priest (D:8)
  2 gnoll boudas
  2 iguanas (D:5)
  4 orc wizards
  8 mummies (Ossuary)
  A hound zombie (D:4)
  20 gnolls
  7 adders
  4 shadow imps
  2 white imps
  4 ufetubi
  2 dart slugs
  A ribbon worm (D:2)
  24 orcs
  9 endoplasms
  4 giant cockroaches
  3 gnoll zombies (Ossuary)
  4 goblins
  8 hobgoblins
  4 jackals
  11 kobolds
  9 quokkas
  7 ball pythons
  2 bats
  A frilled lizard (D:1)
  2 hobgoblin zombies (Ossuary)
  A kobold zombie (Ossuary)
  2 orc zombies (Ossuary)
  4 rats (D:1)
224 creatures vanquished.

Vanquished Creatures (collateral kills)
  Grum (D:8)
  A wolf (D:8)
  2 bullfrogs
  A jelly (D:4)
  7 orcs (D:4)
  A goblin (D:3)
13 creatures vanquished.

Vanquished Creatures (others)
  A wolf (D:8)
  A bullfrog (D:8)
  A killer bee (D:8)
  An orc priest (D:4)
  A gnoll (D:3)
  A white imp (D:8)
6 creatures vanquished.

Grand Total: 243 creatures vanquished

Notes
Turn   | Place    | Note
-------+----------+-------------------------------------------
     0 | D:1      | Armakuni the Human Artificer began the quest for the Orb.
     0 | D:1      | Reached XP level 1. HP: 15/15 MP: 1/1
   169 | D:1      | Reached skill level 1 in Maces & Flails
   169 | D:1      | Reached XP level 2. HP: 14/21 MP: 2/2
   948 | D:2      | Reached XP level 3. HP: 27/27 MP: 3/3
   968 | D:2      | Identified the +9 whip "Vuoq Riuply" {flame, Dex+2}
  1257 | D:2      | Reached XP level 4. HP: 34/34 MP: 4/4
  1669 | D:3      | Noticed a gnoll sergeant
  1672 | D:3      | Noticed NigelTetley's ghost (amateur DsGl)
  1675 | D:3      | Reached skill level 1 in Shields
  1676 | D:3      | Killed a gnoll sergeant
  1677 | D:3      | Reached XP level 5. HP: 41/41 MP: 5/5
  1705 | D:3      | Learned a level 4 spell: Iskenderun's Mystic Blast
  1713 | D:3      | Found a runed translucent gate.
  1713 | D:3      | Found a runed translucent gate.
  1713 | D:3      | Found a runed translucent gate.
  2012 | D:3      | Reached XP level 6. HP: 42/47 MP: 6/6
  2138 | D:3      | Found a white marble altar of Elyvilon.
  2149 | D:3      | Found a hazy altar of Hepliaklqana.
  2567 | D:4      | Found a transporter.
  2573 | D:4      | Found a transporter.
  2573 | D:4      | Noticed a black bear
  2610 | D:4      | Reached XP level 7. HP: 53/53 MP: 7/7
  2656 | D:4      | Found a basalt altar of Yredelemnul.
  2672 | D:4      | Noticed Menkaure
  2678 | D:4      | Found an ancient bone altar of Kikubaaqudgha.
  3198 | D:5      | Entered Level 5 of the Dungeon
  3206 | D:5      | Reached skill level 4 in Evocations
  3269 | D:5      | Noticed Sigmund
  3277 | D:5      | Killed Sigmund
  3278 | D:5      | Reached skill level 5 in Evocations
  3278 | D:5      | Reached XP level 8. HP: 43/60 MP: 8/8
  3339 | D:5      | Reached skill level 6 in Evocations
  3505 | D:4      | Killed Menkaure
  3506 | D:4      | Reached skill level 5 in Fighting
  3645 | D:4      | Identified the staff "Gram" {rF+ Int+3 Fire}
  4286 | D:6      | Found an opulent altar of Gozag.
  4302 | D:6      | Found a sand-covered staircase.
  4307 | Ossuary  | Entered an ossuary
  4549 | D:6      | Reached skill level 5 in Armour
  4549 | D:6      | Reached skill level 7 in Evocations
  4549 | D:6      | Reached XP level 9. HP: 68/68 MP: 9/9
  4552 | D:6      | Found a staircase to the Ecumenical Temple.
  4563 | D:6      | Noticed Grinder
  4575 | D:6      | Paralysed by Grinder for 5 turns
  4584 | Temple   | Entered the Ecumenical Temple
  4768 | Temple   | Became a worshipper of Vehumet
  4836 | Temple   | Killed Grinder
  4837 | Temple   | Reached skill level 8 in Evocations
  5037 | D:6      | Found a stormy altar of Qazlal.
  5417 | D:6      | Reached skill level 9 in Evocations
  5659 | D:6      | Reached * piety under Vehumet
  5659 | D:6      | Offered knowledge of Sandblast by Vehumet.
  5664 | D:6      | Learned a level 3 spell: Stone Arrow
  5920 | D:7      | Reached skill level 10 in Evocations
  6479 | D:8      | Learned a level 2 spell: Blink
  6522 | D:8      | Found Keolais's Self-Published Books.
  6528 | D:8      | Bought the Spellbook of Getting Closer Than Before for 308
                  | gold pieces
  6553 | D:8      | Reached skill level 1 in Spellcasting
  6553 | D:8      | Reached skill level 1 in Conjurations
  6553 | D:8      | Reached skill level 1 in Translocations
  6584 | D:8      | Reached XP level 10. HP: 24/74 MP: 12/12
  6597 | D:8      | Noticed Grum
  6801 | D:8      | Offered knowledge of Mercury Vapours by Vehumet.
  6818 | D:8      | Reached ** piety under Vehumet
  7169 | D:8      | Killed Grum
  7362 | D:8      | Learned a level 4 spell: Sticky Flame
  7485 | D:8      | Noticed Jeremiah
  7486 | D:8      | Jeremiah changed into Jeremiah the glass eye
  7486 | D:8      | Noticed Jeremiah
  7523 | D:8      | Killed Jeremiah the glass eye
  7569 | D:8      | Found a staircase to the Lair.
  7989 | Lair:1   | Entered Level 1 of the Lair of Beasts
  7995 | D:8      | Learned a level 2 spell: Lesser Beckoning
  8022 | D:8      | Reached skill level 5 in Spellcasting
  8029 | Lair:1   | Noticed a cane toad
  8038 | D:8      | Killed a cane toad
  8084 | D:8      | Reached skill level 1 in Fire Magic
  8118 | Lair:1   | Noticed an oklob plant
  8122 | Lair:1   | Reached XP level 11. HP: 69/79 MP: 20/20
  8271 | Lair:1   | Reached skill level 1 in Earth Magic
  8318 | Lair:1   | Offered knowledge of Hailstorm by Vehumet.
  8477 | Lair:1   | Reached skill level 1 in Alchemy
  8892 | Lair:1   | HP: 2/79 [komodo dragon (15)]
  8895 | Lair:1   | Slain by a komodo dragon

Illustrated notes

Levels and vault maps discovered:
D:1:      spicycebolla_green_bress_n_ham, layout_loops_ring
D:2:      layout_loops_cross, minmay_misc_feat_five
D:3:      layout_loops_cross, lemuel_crystal_altar, lemuel_round_altar,
          gammafunk_ghost_split
D:4:      layout_rooms, gammafunk_temple_of_torment, mrwooster_statue_mirror
D:5:      layout_layer_cave, uniq_sigmund
D:6:      layout_basic, general_overflow_altar, lemuel_round_altar,
          minmay_temple_entry_stoned_glass, enter_ossuary_2,
          dreamdust_gnoll_farm, uniq_grinder
D:7:      layout_rooms
D:8:      layout_rooms, erik_lair_dragon, serial_demonic, serial_demonic_d,
          serial_demonic_b, serial_demonic_g, serial_demonic_c,
          serial_demonic_g, serial_demonic_g, serial_demonic_e,
          nicolae_custom_books, minmay_misc_feat_room,
          minmay_fractal_squares_diagonal_5, uniq_jeremiah, uniq_grum
Temple:   kb_temple_of_zot
Lair:1:   regret_index_malice_mire, layout_chaotic_city, serial_bayou_shore_b,
          infiniplex_staircase_pool_2, grunt_megastairs_1

Skill      XL: |  1  2  3  4  5  6  7  8  9 10 11 |
---------------+----------------------------------+-----
Maces & Flails | 1 2 3 |  3.6
Fighting       | 2 3 5 |  5.0
Shields        | 1 2 4 |  4.0
Armour         | 3 5 |  5.0
Evocations     | 5 7 10 | 10.0
Dodging        | 3 |  3.0
Spellcasting   | 1 6 |  6.0
Conjurations   | 1 4 |  4.3
Translocations | 1 4 |  4.0
Fire Magic     | 2 4 |  4.1
Earth Magic    | 3 |  3.0
Alchemy        | 4 |  4.0
Stealth        | |  1.0

Action                     |  1- 3 |  4- 6 |  7- 9 | 10-12 || total
---------------------------+-------+-------+-------+-------++-------
  Melee: Whip              |   132 |    79 |   286 |   136 ||   633
         Punch             |     2 |       |     3 |       ||     5
   Cast: Lesser Beckoning  |       |       |       |     4 ||     4
         Stone Arrow       |       |       |       |    21 ||    21
         Iskenderun's Myst |       |       |       |     1 ||     1
  Evoke: Wand              |     1 |     7 |    38 |    19 ||    65
    Use: Scroll            |     3 |     2 |     5 |     7 ||    17
         Potion            |       |       |     2 |     8 ||    10
   Stab: Sleeping          |       |       |     2 |       ||     2
         Distracted        |       |       |     1 |       ||     1
 Armour: Leather armour    |    52 |       |    40 |       ||    92
         Ring mail         |    33 |    72 |     3 |       ||   108
         Acid dragon scale |       |       |   105 |   122 ||   227
         Skin              |       |       |    11 |       ||    11
  Dodge: Dodged            |    76 |    41 |   205 |   140 ||   462
   Form: Beast             |     1 |       |       |       ||     1
                           |       |       |       |     1 ||     1

Table legend: (Time is in decaauts)
 A = Elapsed time spent in this place.
 B = Non-inter-level travel time spent in this place.
 C = Inter-level travel time spent in this place.
 D = Time resting spent in this place.
 E = Time spent auto-exploring this place.
 F = Levels seen in this place.
 G = Mean time per level.
                   A        B        C        D        E       F      G
               +--------+--------+--------+--------+--------+-----+--------+
         Total |   8860 |   8645 |    215 |   1947 |   4137 |  11 |  805.5 |
       Dungeon |   7605 |   7409 |    196 |   1506 |   3742 |   8 |  950.6 |
        Temple |    359 |    340 |     19 |    243 |      0 |   1 |  359.0 |
          Lair |    692 |    692 |      0 |    180 |    292 |   1 |  692.0 |
       Ossuary |    203 |    203 |      0 |     18 |    103 |   1 |  203.0 |
               +--------+--------+--------+--------+--------+-----+--------+

Top non-repeatable levels by time:
     D:8: 1382 daAuts
     D:7: 1077 daAuts
     D:3: 957 daAuts
     D:1: 946 daAuts
     D:4: 942 daAuts
     D:5: 917 daAuts
     D:6: 769 daAuts
  Lair:1: 692 daAuts
     D:2: 612 daAuts
  Temple: 359 daAuts
 Ossuary: 203 daAuts
